 Seeded DCSS version 0.29.1-13-g9f3cf754e1 (webtiles) character file.

Game seed: 16245865983455551772 (custom seed)

4 OTABOTABOTAB the Caller (level 1, 11/11 HPs)
             Began as an Octopode Summoner on Jan 27, 2023.
             Quit the game on level 1 of the Dungeon.
             The game lasted 00:00:48 (215 turns).

OTABOTABOTAB the Caller (Octopode Summoner)          Turns: 215, Time: 00:00:48

Health: 11/11      AC:  1    Str:  7    XL:     1   Next: 60%
Magic:  3/3        EV: 13    Int: 17    God:
Gold:   0          SH:  0    Dex: 12    Spells: 3/4 levels left

rFire   . . .      SeeInvis .   b - +0 dagger
rCold   . . .      Faith    .   (no shield)
rNeg    . . .      Spirit   .   (helmet restricted)
rPois   .          Reflect  .   (no amulet)
rElec   .          Harm     .   (no ring)
rCorr   .          Rampage  .   (no ring)
Will    .....                   (no ring)
Stlth   +++.......              (no ring)
HPRegen 0.03/turn               (no ring)
MPRegen 0.08/turn               (no ring)
                                (no ring)
                                (no ring)

@: no status effects
A: almost no armour, amphibious, 8 rings, camouflage 1, gelatinous body 1,
(nimble swimmer 1), tentacles
a: no special abilities


You were on level 1 of the Dungeon.
You visited 1 branch of the dungeon, and saw 1 of its levels.

Inventory:

Hand Weapons
 a - a +0 sling
   (You found it on level 1 of the Dungeon)
 b - a +0 dagger (weapon)
   (You found it on level 1 of the Dungeon)
Armour
 d - the +1 hat of Spite {Regen+ Slay+4}
   (You acquired it on level 1 of the Dungeon)

   Slay:      It affects your accuracy & damage with ranged weapons and melee
   (+4).
   Regen:     It increases your rate of health regeneration.
Scrolls
 c - a scroll of acquirement
Potions
 M - a potion of magic


   Skills:
 + Level 2.1 Dodging
 + Level 2.8 Stealth
 + Level 2.0 Spellcasting
 + Level 4.0 Summonings


You had 3 spell levels left.
You knew the following spells:

 Your Spells              Type           Power      Damage    Failure   Level
a - Summon Small Mammal   Summ           60%        N/A       3%          1

Your spell library contained the following spells:

 Spells                   Type           Power      Damage    Failure   Level
 Call Imp                 Summ           15%        N/A       5%          2
 Call Canine Familiar     Summ           15%        N/A       11%         3
 Summon Guardian Golem    Hex/Summ       8%         N/A       26%         3
 Summon Lightning Spire   Summ/Air       8%         N/A       63%         4


Dungeon Overview and Level Annotations

Branches:
Dungeon (1/15)

Altars:


Innate Abilities, Weirdness & Mutations

You cannot wear most types of armour.
You are amphibious.
You can wear up to eight rings at the same time.
Your skin changes colour to match your surroundings (Stealth+).
Your rubbery body absorbs attacks. (AC +1, EV +1)
((You are camouflaged when in or above water. (Stealth+)))
You have tentacles for arms and can constrict up to eight enemies at once.


Message History

Bad channel name for runrest: 'Jiyva says: Divide and consume' Welcome, OTABOTABOTAB the Octopode Summoner.
Game seed: 16245865983455551772 (custom seed)
Found a sling.
Found a staircase leading out of the dungeon.
a - a +0 sling
Found an escape hatch in the floor.
Found an escape hatch in the floor.
b - a +0 dagger A goblin comes into view.
It is wielding a +0 dagger.
A quokka comes into view.
a - a +0 sling (weapon)
You now have 2/3 mp.
You now have 1/3 mp.
Fire: a) +0 sling You can't see that place.
Okay, then.
The goblin shouts!
Fire: a) +0 sling
Aim: a quokka (ally target, 38% to hit)
You shoot a sling bullet.
The sling bullet closely misses the quokka.
Your bat hits the goblin.
Fire: a) +0 sling
Aim: a quokka (ally target, 38% to hit)
You shoot a sling bullet.
The sling bullet hits the quokka but does no damage.
Your bat hits the goblin.
The goblin hits your bat with a +0 dagger.
Fire: a) +0 sling
Aim: a quokka (38% to hit)
You shoot a sling bullet. The sling bullet hits the quokka.
Your bat barely misses the goblin.
The quokka barely misses your rat.
Your rat misses the quokka.
Fire: a) +0 sling
Aim: a quokka (moderately wounded, ally target, 38% to hit)
You shoot a sling bullet.
The sling bullet closely misses the quokka.
Your bat barely misses the quokka.
The quokka barely misses your rat.
Your rat bites the quokka.
The quokka barely misses your rat.
b - a +0 dagger (weapon)
Your bat hits the quokka. The quokka closely misses your bat.
Your rat completely misses the quokka.
Your bat barely misses the quokka.
The goblin hits your bat with a +0 dagger.
The quokka bites your bat.
Your bat dies!
Your bat's corpse disappears in a puff of smoke!
Your rat misses the quokka. The goblin closely misses your rat.
The quokka bites your rat.
Your rat dies!
Your rat's corpse disappears in a puff of smoke!
You now have 0/3 mp.
The goblin hits your rat with a +0 dagger.
Your rat barely misses the goblin.
You barely miss the quokka. Your grab misses the quokka. The quokka bites you.
The goblin misses your rat.
Your rat bites the goblin.
You take 3 damage, and have 8/11 hp.
MASSIVE DAMAGE!!
Unknown command.
You miss the quokka. You grab the quokka. You squeeze the quokka.
You kill the quokka!
The goblin completely misses your rat.
Your rat bites the goblin.
The goblin dies!
Unknown command.
Unknown command.
Your rat disappears in a puff of smoke!
An endoplasm comes into view.
The endoplasm quivers.
Health restored: 11; MP restored: 3
a - a +0 sling (weapon)
You shoot a sling bullet. The sling bullet hits the endoplasm.
You shoot a sling bullet.
The sling bullet barely misses the endoplasm.
You shoot a sling bullet. The sling bullet hits the endoplasm.
b - a +0 dagger (weapon)
The endoplasm closely misses you.
You now have 2/3 mp.
The endoplasm freezes you.
You are frozen.
You take 2 damage, and have 9/11 hp.
You now have 1/3 mp.
You hit the endoplasm.
Your bat completely misses the endoplasm.
The endoplasm barely misses you.
Your quokka bites the endoplasm but does no damage.
Your bat hits the endoplasm. You hit the endoplasm but do no damage.
Your bat hits the endoplasm but does no damage.
The endoplasm barely misses you.
Your quokka bites the endoplasm.
The endoplasm dies!
Your bat disappears in a puff of smoke!
Your quokka disappears in a puff of smoke!
c - 3 scrolls labelled WAC GOIFOFITOUPLEC Health restored: 11; MP restored: 3 This is a scroll of acquirement!
Something appears before you!
d - the +1 hat of Spite {Regen+ Slay+4} Something appears before you!

# .# #.#
######..###
#.@........
.......#..#.....
#.##...#..# ...
#...###.## #
#... #..# ...#
#..# ##.## ....
#..#...#..#
....#
#.##...##.##
....#
#.....#..#.....#


There were no monsters in sight!

Vanquished Creatures
  A quokka (D:1)
1 creature vanquished.

Vanquished Creatures (collateral kills)
  An endoplasm (D:1)
  A goblin (D:1)
2 creatures vanquished.

Grand Total: 3 creatures vanquished

Notes
Turn   | Place    | Note
-------+----------+-------------------------------------------
     0 | D:1      | OTABOTABOTAB the Octopode Summoner began the quest for the
                  | Orb.
     0 | D:1      | Reached XP level 1. HP: 11/11 MP: 3/3
   212 | D:1      | Identified 3 scrolls of acquirement
   212 | D:1      | Acquired the +1 hat of Spite {Regen+ Slay+4}
   214 | D:1      | Acquired 708 gold pieces
   215 | D:1      | Quit the game

Illustrated notes

Levels and vault maps discovered:
D:1:      minmay_arrival_hallway, layout_loops_corners, basic_ecumenical_altar,
          minmay_unequal

Action                   || total
-------------------------++-------
Melee: Dagger            ||     4
       Constrict         ||     1
       Tentacles         ||     1
 Fire: Sling             ||     7
 Cast: Summon Small Mamm ||     5
  Use: Scroll            ||     2
Dodge: Dodged            ||     3

Table legend: (Time is in decaauts)
 A = Elapsed time spent in this place.
 B = Non-inter-level travel time spent in this place.
 C = Inter-level travel time spent in this place.
 D = Time resting spent in this place.
 E = Time spent auto-exploring this place.
 F = Levels seen in this place.
 G = Mean time per level.
                   A        B        C        D        E       F      G
               +--------+--------+--------+--------+--------+-----+--------+
         Total |    215 |    215 |      0 |      0 |    180 |   1 |  215.0 |
       Dungeon |    215 |    215 |      0 |      0 |    180 |   1 |  215.0 |
               +--------+--------+--------+--------+--------+-----+--------+

Top non-repeatable levels by time:
     D:1: 215 daAuts

Table legend:
 A = Kills in this place as a percentage of kills in entire the game.
 B = Kills by you in this place as a percentage of kills by you in the entire game.
 C = Kills by friends in this place as a percentage of kills by friends in the entire game.
 D = Other kills in this place as a percentage of other kills in the entire game.
 E = Experience gained in this place as a percentage of experience gained in the entire game.
 F = Experience gained in this place divided by the number of levels of this place that you have seen.
                   A       B       C       D       E      F
               +-------+-------+-------+-------+-------+----------------------
         Total | 100.0 | 100.0 | 100.0 |   N/A | 100.0 |   6.0
       Dungeon | 100.0 | 100.0 | 100.0 |   N/A | 100.0 |   6.0
               +-------+-------+-------+-------+-------+----------------------
